 Dungeon Crawl Stone Soup version 0.27.1-3-gb3d3a73c9e (webtiles) character file.

Game seed: 17022617881378849897

49648 raph the Impaler (level 14, -5/111 HPs)
             Began as a Merfolk Gladiator on Oct 19, 2021.
             Was the Champion of Elyvilon.
             Slain by a titanic slime creature (73 damage)
             ... on level 12 of the Dungeon.
             The game lasted 00:36:17 (22099 turns).

raph the Impaler (Merfolk Gladiator)               Turns: 22099, Time: 00:36:18

Health: -5/111     AC: 18    Str: 14    XL:     14   Next: 51%
Magic:  20/21      EV: 27    Int:  7    God:    Elyvilon [******]
Gold:   1121       SH:  0    Dex: 24    Spells: 22/23 levels left

rFire    . . .     SeeInvis .   a - +9 glaive of the Vaults {venom, rN+}
rCold    . . .     Faith    .   (shield currently unavailable)
rNeg     + . .     Spirit   .   k - +1 steam dragon scales
rPois    .         Reflect  .   F - +2 hat {Will+}
rElec    .         Harm     .   O - +0 cloak
rCorr    .         Rampage  .   v - +2 pair of gloves {Dex+3}
Will     ++...                  l - +1 pair of boots
Stlth    ++++......             J - amulet of the acrobat
HPRegen  0.28/turn              T - +4 ring of protection
MPRegen  0.17/turn              K - +4 ring of evasion

@: no status effects
A: (nimble swimmer 2), mertail
a: Renounce Religion, Lesser Healing, Heal Other, Purification, Greater Healing,
Divine Vigour, Divine Protection


You were on level 12 of the Dungeon.
You worshipped Elyvilon.
Elyvilon was exalted by your worship.
You visited 3 branches of the dungeon, and saw 19 of its levels.

You collected 1121 gold pieces.

Inventory:

Hand Weapons
 a - the +9 glaive of the Vaults (weapon) {venom, rN+}
   (You acquired it on level 3 of the Dungeon)

   It poisons the flesh of those it strikes.
   rN:        It protects you from negative energy.
 b - the +9 trident "Jocaiw" {venom, Str+4 Dex+5 Stlth+}
   (You found it on level 4 of the Lair of Beasts)

   It poisons the flesh of those it strikes.
   Str:       It affects your strength (+4).
   Dex:       It affects your dexterity (+5).
   Stlth:     It makes you more stealthy.
 y - a +1 trident of freezing
 D - a +0 glaive
Missiles
 d - 7 throwing nets
 f - 64 poisoned darts
 g - 9 atropa-tipped darts (quivered)
 G - 8 boomerangs
 M - 4 curare-tipped darts
Armour
 c - a +1 helmet
 k - +1 steam dragon scales (worn)
 l - a +1 pair of boots (worn)
 v - a +2 pair of gloves of dexterity (worn)
 F - a +2 hat of willpower (worn)
 O - a +0 cloak (worn)
Jewellery
 m - an amulet of guardian spirit
 s - a ring of positive energy
 J - an amulet of the acrobat (around neck)
 K - a +4 ring of evasion (right hand)
 T - a +4 ring of protection (left hand)
Wands
 x - a wand of charming (11)
 I - a wand of digging (13)
 P - a wand of iceblast (20)
 R - a wand of polymorph (9)
 U - a wand of mindburst (20)
Scrolls
 i - 11 scrolls of teleportation
 p - a scroll of silence
 q - 2 scrolls of blinking
 r - 9 scrolls of identify
 u - 2 scrolls of amnesia
 w - 2 scrolls of magic mapping
 C - 2 scrolls of fear
 L - 2 scrolls of brand weapon
 S - a scroll of immolation
Potions
 e - 2 potions of magic
 h - 4 potions of flight
 j - 3 potions of might
 n - 12 potions of curing
 o - 3 potions of lignification
 t - 5 potions of attraction
 z - 2 potions of heal wounds
 A - a potion of berserk rage
 B - 2 potions of haste
 E - 3 potions of brilliance
 H - a potion of mutation
 N - a potion of invisibility
Miscellaneous
 Q - a lightning rod (4/4)


   Skills:
 + Level 10.8 Fighting
 - Level 20.0 Polearms
 + Level 5.1 Throwing
 + Level 12.9 Dodging
 + Level 6.8 Stealth
 + Level 5.2 Spellcasting
 + Level 5.6 Summonings
 + Level 10.5 Invocations


You had 22 spell levels left.
You knew the following spells:

 Your Spells              Type           Power      Damage    Failure   Level
a - Summon Small Mammal   Summ           36%        N/A       2%          1

Your spell library contained the following spells:

 Spells                   Type           Power      Damage    Failure   Level
 Call Canine Familiar     Summ           9%         N/A       9%          3
 Summon Guardian Golem    Hex/Summ       5%         N/A       26%         3
 Beastly Appendage        Tmut           2%         N/A       28%         1
 Foxfire                  Conj/Fire      4%         2x1d4     28%         1
 Ensorcelled Hibernation  Hex/Ice        2%         N/A       38%         2
 Slow                     Hex            1%         N/A       38%         2
 Static Discharge         Conj/Air       1%         N/A       38%         2
 Wereblood                Tmut           1%         N/A       38%         2
 Confusing Touch          Hex            1%         N/A       63%         3
 Conjure Flame            Conj/Fire      1%         6-21      63%         3
 Dazzling Flash           Conj/Hex       2%         N/A       63%         3
 Inner Flame              Hex/Fire       1%         N/A       63%         3
 Spider Form              Tmut/Pois      0%         N/A       63%         3
 Stone Arrow              Conj/Erth      2%         3d7       63%         3
 Tukima's Dance           Hex            1%         N/A       63%         3
 Vampiric Draining        Necr           0%         2d6       63%         3
 Summon Ice Beast         Ice/Summ       5%         N/A       65%         4
 Summon Forest            Summ/Tloc      2%         N/A       94%         5
 Summon Mana Viper        Hex/Summ       5%         N/A       94%         5
 Dispel Undead            Necr           1%         3d6       95%         4
 Passage of Golubria      Tloc           N/A        N/A       95%         4
 Petrify                  Tmut/Erth      1%         N/A       95%         4
 Sticky Flame             Conj/Fire      1%         2d3       95%         4
 Shadow Creatures         Summ           N/A        N/A       99%         6
 Agony                    Necr           1%         N/A       100%        5
 Bolt of Magma            Conj/Fire/Erth 0%         4d4       100%        5
 Metabolic Englaciation   Hex/Ice        0%         N/A       100%        5
 Silence                  Hex/Air        0%         N/A       100%        5
 Yara's Violent Unravell  Hex/Tmut       0%         3d3       100%        5
 Eringya's Noxious Bog    Tmut/Pois      0%         N/A       100%        6
 Statue Form              Tmut/Erth      0%         N/A       100%        6
 Monstrous Menagerie      Summ           4%         N/A       100%        7
 Summon Hydra             Summ           4%         N/A       100%        7
 Shatter                  Erth           0%         3d5*      100%        9


Dungeon Overview and Level Annotations

Branches:
Dungeon (12/15)            Temple (1/1) D:5            Lair (6/6) D:8
  Swamp (0/4) Lair:3       Spider (0/4) Lair:4        Slime (0/5) Lair:6
    Orc: D:9-12

Altars:
Ashenzari
Cheibriados
Dithmenos
Elyvilon
Fedhas
Gozag
Hepliaklqana
Kikubaaqudgha
Makhleb
Nemelex Xobeh
Okawaru
Qazlal
Ru
Sif Muna
Trog
Uskayaw
Vehumet
Wu Jian
Xom
Yredelemnul
Zin
The Shining One
Jiyva

Shops:
D:11 :

Annotations:
Lair:2 exclusion: 2 oklob plants


Innate Abilities, Weirdness & Mutations

((You are quick and stealthy near water. (Stealth+, EV+, Speed+++)))
Your lower body shifts to a powerful aquatic tail in water.


Message History

The slime creature hits you but does no damage.
You hit the titanic slime creature.
The titanic slime creature is heavily wounded.
The titanic slime creature hits you!!!
Ouch! That really hurt!
The slime creature completely misses you.
You are too injured to fight recklessly!
You are too injured to fight recklessly!
You are too injured to fight recklessly!
You are too injured to fight recklessly!
You are too injured to fight recklessly!
You are too injured to fight recklessly!
You are too injured to fight recklessly!
Two slime creatures merge to form a large slime creature.
You are healed.
The titanic slime creature hits you but does no damage.
You slice the titanic slime creature!!
The titanic slime creature is heavily wounded.
The titanic slime creature completely misses you.
A large slime creature splits.
You slash the titanic slime creature!
The titanic slime creature is severely wounded.
You slash the titanic slime creature!
The titanic slime creature is severely wounded.
The titanic slime creature completely misses you.
You slice the titanic slime creature!!
The titanic slime creature looks as sick as possible!
The titanic slime creature is severely wounded.
The titanic slime creature completely misses you.
You hit the titanic slime creature.
The titanic slime creature looks as sick as possible!
The titanic slime creature is severely wounded.
You slice the titanic slime creature!!
The titanic slime creature is almost dead.
The titanic slime creature completely misses you.
You slice the titanic slime creature!!
The titanic slime creature is almost dead.
The titanic slime creature hits you!!!!
Ouch! That really hurt!
You die...

.### # ...# # #. ...#
#.#.### ...# #.[....
...# ##.#...### J..
##
##........####.#...##
...........@JW.......
......#.###.#....##
#.#..##.# ..# ..##
#.....#.### .#
##.####. # #.# . #.#
#. ###########.# #
.)..........#


You could see a titanic slime creature (extremely poisoned) and a wraith.

Vanquished Creatures
  Gastronok (Lair:3)
  Snorg (Lair:4)
  A hydra (Lair:6)
  A merfolk avatar (Lair:6)
  A catoblepas (Lair:1)
  2 boulder beetles
  A centaur warrior (D:10)
  3 two-headed ogres
  Urug (D:11)
  Nergalle (D:11)
  Sonja (Lair:5)
  4 bog bodies (Lair:3)
  2 harpies (Lair:6)
  A cyclops (D:11)
  5 elephants (Lair:2)
  Joseph (D:9)
  16 cane toads
  A gargoyle (D:10)
  10 black mambas
  3 rime drakes
  12 komodo dragons
  A troll (D:10)
  3 polar bears
  A hornet (Lair:6)
  A wind drake (Lair:6)
  3 snapping turtles (Lair:6)
  15 blink frogs
  4 wyverns
  A wraith (D:7)
  2 basilisks
  53 yaks
  A steam dragon (D:6)
  Menkaure (D:6)
  A swamp worm (Lair:3)
  Edmund (D:6)
  An acid dragon (D:9)
  9 water moccasins
  A hornet zombie (D:5)
  A sky beast (D:6)
  An ice beast (D:4)
  2 orc warriors (D:9)
  2 black bears
  3 ogres
  A necrophage (D:7)
  16 wolves
  2 centaurs (D:8)
  4 kobold brigands
  2 phantoms
  13 bullfrogs
  3 scorpions
  A wyvern zombie (D:8)
  A wyvern skeleton (D:7)
  A killer bee (D:10)
  6 wights
  2 electric eels
  2 howler monkeys (D:10)
  2 centaur zombies
  2 gnoll shamans
  A bullfrog zombie (D:6)
  2 jellies
  2 orc priests
  A centaur skeleton (D:7)
  Jessica (D:3)
  5 iguanas
  6 orc wizards
  5 hell rats (Lair:5)
  A killer bee zombie (D:7)
  7 adders
  11 gnolls
  A white imp (D:8)
  2 ufetubi (D:5)
  An adder zombie (D:5)
  2 dart slugs (D:2)
  18 orcs
  15 ball pythons
  8 endoplasms
  9 goblins
  8 hobgoblins
  10 quokkas
  13 bats
  2 frilled lizards
  34 kobolds
  A quokka skeleton (D:4)
  2 rats
  2 bushes (D:4)
405 creatures vanquished.

Vanquished Creatures (others)
  A hydra (Lair:6)
  A cane toad (Lair:6)
  A komodo dragon (Lair:6)
  19 fungi
  34 plants
56 creatures vanquished.

Grand Total: 461 creatures vanquished

Notes
Turn   | Place    | Note
-------+----------+-------------------------------------------
     0 | D:1      | raph the Merfolk Gladiator began the quest for the Orb.
     0 | D:1      | Reached XP level 1. HP: 16/16 MP: 1/1
   222 | D:1      | Reached skill level 5 in Polearms
   226 | D:1      | Reached XP level 2. HP: 22/22 MP: 2/2
   561 | D:1      | Reached skill level 6 in Polearms
   561 | D:1      | Reached XP level 3. HP: 26/27 MP: 3/3
   617 | D:1      | Found a faded altar of an unknown god.
  1381 | D:2      | Reached XP level 4. HP: 19/33 MP: 4/4
  1518 | D:2      | Reached skill level 7 in Polearms
  1733 | D:2      | Found a snail-covered altar of Cheibriados.
  2174 | D:2      | Reached skill level 8 in Polearms
  2267 | D:3      | Reached XP level 5. HP: 38/38 MP: 5/5
  2321 | D:3      | Found a white marble altar of Elyvilon.
  2478 | D:3      | Became a worshipper of Elyvilon the Healer
  2569 | D:3      | Noticed Jessica
  2573 | D:3      | Killed Jessica
  3046 | D:3      | Reached skill level 9 in Polearms
  3098 | D:3      | Identified a scroll of acquirement
  3099 | D:3      | Acquired the +9 glaive of the Vaults {venom, rN+}
  3210 | D:3      | Found an ancient bone altar of Kikubaaqudgha.
  3331 | D:4      | Reached XP level 6. HP: 44/44 MP: 6/6
  3447 | D:4      | Reached * piety under Elyvilon
  3673 | D:4      | Found an ornate altar of the Wu Jian Council.
  3738 | D:4      | Reached skill level 10 in Polearms
  3738 | D:4      | Identified the +2 short sword "Fall" {freeze, *Corrode
                  | Str+8}
  3873 | D:4      | Noticed an ice beast
  3880 | D:4      | Killed an ice beast
  4882 | D:5      | Entered Level 5 of the Dungeon
  4884 | D:5      | Found a staircase to the Ecumenical Temple.
  4893 | Temple   | Entered the Ecumenical Temple
  5058 | D:5      | Found a broken altar of Ashenzari.
  5066 | D:5      | Reached skill level 11 in Polearms
  5066 | D:5      | Reached XP level 7. HP: 42/50 MP: 5/7
  5193 | D:5      | Reached ** piety under Elyvilon
  5799 | D:5      | Reached skill level 12 in Polearms
  6286 | D:6      | Noticed a steam dragon
  6294 | D:6      | Killed a steam dragon
  6295 | D:6      | Reached skill level 13 in Polearms
  6295 | D:6      | Reached XP level 8. HP: 55/56 MP: 8/8
  6529 | D:6      | Reached *** piety under Elyvilon
  6534 | D:6      | Got the Almanac of Burning Companions
  6637 | D:6      | Reached skill level 14 in Polearms
  6855 | D:6      | Noticed Menkaure
  6860 | D:6      | Killed Menkaure
  7110 | D:6      | Reached skill level 1 in Invocations
  7144 | D:6      | Noticed Edmund
  7154 | D:6      | Killed Edmund
  7155 | D:6      | Reached skill level 15 in Polearms
  7155 | D:6      | Reached XP level 9. HP: 58/62 MP: 8/10
  7313 | D:7      | Reached skill level 5 in Dodging
  7650 | D:7      | Noticed a white ugly thing
  7687 | D:7      | HP: 2/65 [white ugly thing (3)]
  7687 | D:7      | Elyvilon protects you from harm!
  7688 | D:7      | Elyvilon protects you from harm!
  7688 | D:7      | Elyvilon protects you from harm!
  7690 | D:7      | Reached **** piety under Elyvilon
  7707 | D:7      | HP: 1/65 [black bear (3)]
  8494 | D:7      | Found a basalt altar of Yredelemnul.
  8736 | D:8      | Found a sparkling altar of Nemelex Xobeh.
  8769 | D:8      | Noticed a fire dragon
  8794 | D:7      | Reached skill level 16 in Polearms
  9023 | D:8      | Noticed a two-headed ogre
  9026 | D:8      | Killed a two-headed ogre
  9027 | D:8      | Reached skill level 5 in Fighting
  9027 | D:8      | Reached XP level 10. HP: 64/74 MP: 10/13
  9173 | D:8      | Found a staircase to the Lair.
  9186 | D:8      | Pacified a fire dragon
  9508 | D:9      | Found a blossoming altar of Fedhas.
  9550 | D:9      | Noticed a two-headed ogre
  9557 | D:9      | Killed a two-headed ogre
  9558 | D:9      | Reached skill level 17 in Polearms
  9558 | D:9      | Reached skill level 5 in Invocations
  9968 | D:9      | Found a glowing silver altar of Zin.
 10026 | D:9      | Noticed Joseph
 10033 | D:9      | Killed Joseph
 10083 | D:9      | Found a shadowy altar of Dithmenos.
 10832 | D:10     | Entered Level 10 of the Dungeon
 10832 | D:10     | Noticed a boulder beetle
 10832 | D:10     | Noticed a two-headed ogre
 10843 | D:9      | Killed a two-headed ogre
 10844 | D:9      | Reached XP level 11. HP: 15/83 MP: 1/15
 11165 | Lair:1   | Entered Level 1 of the Lair of Beasts
 11178 | Lair:1   | Learned a level 1 spell: Summon Small Mammal
 11427 | Lair:1   | Reached skill level 18 in Polearms
 11465 | Lair:1   | Noticed a catoblepas
 11485 | Lair:1   | Killed a catoblepas
 12113 | Lair:1   | Reached skill level 10 in Dodging
 12391 | Lair:1   | Reached skill level 19 in Polearms
 12460 | Lair:1   | Reached XP level 12. HP: 92/92 MP: 17/17
 13100 | Lair:2   | Reached ***** piety under Elyvilon
 13460 | Lair:2   | Reached skill level 1 in Stealth
 13840 | Lair:2   | Noticed a six-headed hydra
 13850 | Lair:2   | Pacified a six-headed hydra
 13878 | Lair:2   | Noticed a five-headed hydra
 13879 | Lair:2   | Pacified a five-headed hydra
 13880 | Lair:2   | Reached skill level 1 in Summonings
 13921 | Lair:2   | Found a blossoming altar of Fedhas.
 14174 | Lair:2   | Reached skill level 1 in Spellcasting
 14314 | Lair:2   | Noticed a death yak
 14384 | Lair:1   | Pacified a death yak
 14827 | Lair:3   | Noticed Gastronok
 14835 | Lair:3   | Reached skill level 20 in Polearms
 14863 | Lair:3   | Killed Gastronok
 15129 | Lair:3   | Reached XP level 13. HP: 101/101 MP: 19/19
 15431 | Lair:3   | Found a staircase to the Swamp.
 16457 | Lair:4   | Identified the +9 trident "Jocaiw" {venom, Str+4 Dex+5
                  | Stlth+}
 16480 | Lair:4   | Noticed Snorg
 16491 | Lair:4   | Killed Snorg
 16558 | Lair:4   | Found a hole to the Spider Nest.
 16962 | Lair:5   | Reached ****** piety under Elyvilon
 17051 | Lair:5   | Noticed Sonja
 17064 | Lair:5   | Killed Sonja
 17917 | Lair:6   | Entered Level 6 of the Lair of Beasts
 18037 | Lair:6   | Reached skill level 10 in Fighting
 18078 | Lair:6   | Reached skill level 5 in Stealth
 18685 | Lair:6   | Reached skill level 10 in Invocations
 18695 | Lair:6   | Reached XP level 14. HP: 68/138 MP: 23/26
 18955 | Lair:6   | Found a staircase to the Slime Pits.
 19069 | Lair:6   | Reached skill level 5 in Summonings
 20029 | D:10     | Found a shimmering blue altar of Sif Muna.
 20060 | D:10     | Found an opulent altar of Gozag.
 20583 | D:10     | Reached skill level 5 in Spellcasting
 21370 | D:11     | Reached skill level 5 in Throwing
 21454 | D:11     | Noticed Urug
 21463 | D:11     | Killed Urug
 21506 | D:11     | Found Qisivyl's Book Boutique.
 21804 | D:11     | Noticed Nergalle
 21814 | D:11     | Killed Nergalle
 22099 | D:12     | Slain by a titanic slime creature

Illustrated notes

Levels and vault maps discovered:
D:1:      amcnicky_arrival_single_pillar, layout_basic, serial_rivers,
          chequers_serial_rivers_small_b, chequers_serial_rivers_micro_b,
          chequers_serial_rivers_micro_e, chequers_serial_rivers_micro_e,
          chequers_serial_rivers_small_a, ebering_ecumenical_altar_petrified
D:2:      layout_rooms, basic_altar
D:3:      layout_loops_ring, kiku_gazebo_garden_becter, pf_just_have_faith,
          minmay_misc_feat_enclosed, kennysheep_generic_room_3, uniq_jessica
D:4:      layout_loops_ring, general_overflow_altar, serial_forest,
          infiniplex_forest_end_2, infiniplex_forest_lined_room_,
          infiniplex_forest_clump_long, infiniplex_forest_end_2,
          infiniplex_forest_straight_5, infiniplex_forest_clump_small,
          infiniplex_forest_clump_long, infiniplex_forest_side_room,
          infiniplex_forest_lined_4_way
D:5:      layout_loops_corners, nicolae_ashenzari_skybound,
          minmay_temple_entry_stoned_glass
D:6:      layout_loops_ring, uniq_edmund, uniq_menkaure
D:7:      minmay_chambers_of_fours, layout_basic, kennysheep_mini_moat,
          glass_columns_b
D:8:      layout_rooms, nemelex_xobeh_ov_fountains_minmay,
          minmay_lair_entry_lava, item_on_display_a
D:9:      layout_roguey, mainiacjoe_overflow_chevrons,
          mainiacjoe_overflow_catwalk, grunt_dithmenos_smoke,
          grunt_decor_one_mirror, uniq_joseph
D:10:     minmay_inner_zag, layout_basic,
          nicolae_gozag_cash_rules_everything_around_me,
          nicolae_sif_muna_condensation, lemuel_flamethrower_2
D:11:     layout_irregular_city, serial_shops, shop, minivault_21, uniq_urug,
          uniq_nergalle
D:12:     layout_loops_corners, david_orc_3
Temple:   pf_slime_end_temple
Lair:1:   layout_chaotic_city, lemuel_fruit_fields
Lair:2:   layout_regular_city, hangedman_tree_tricks, nzn_random_ring
Lair:3:   layout_loops_ring, nicolae_swamp_entry_splash_gauntlet, st_stairs_5,
          uniq_gastronok
Lair:4:   layout_regular_city, spider_nest_entry_web_field, uniq_snorg
Lair:5:   layout_gridlike, infiniplex_staircase_pool, uniq_sonja
Lair:6:   gammafunk_lair_ancient_temple, layout_hall_layers, slime_dummy,
          gauntlet_entry_generic, grunt_forest_small_clearings

Skill      XL: |  1  2  3  4  5  6  7  8  9 10 11 12 13 14 |
---------------+-------------------------------------------+-----
Polearms       | 5 6 8 9 11 13 15 16 17 19 20 | 20.0
Invocations    | 1 4 6 7 9 10 | 10.5
Fighting       | 5 6 8 9 10 | 10.8
Dodging        | 6 8 10 11 12 | 12.9
Stealth        | 3 5 6 |  6.8
Summonings     | 2 4 5 |  5.6
Spellcasting   | 2 4 5 |  5.2
Throwing       | 4 5 |  5.1

Action                   |  1- 3 |  4- 6 |  7- 9 | 10-12 | 13-15 || total
-------------------------+-------+-------+-------+-------+-------++-------
Melee: Trident           |   124 |   134 |       |       |       ||   258
       Glaive            |       |    54 |   179 |   383 |   495 ||  1111
       Tailslap          |       |       |       |     1 |     9 ||    10
Throw: Dart              |     1 |       |     3 |     1 |    11 ||    16
       Throwing net      |     1 |       |       |       |       ||     1
       Boomerang         |       |       |       |       |    12 ||    12
Invok: Lesser Healing    |       |       |     1 |     1 |       ||     2
       Divine Protection |       |       |     1 |       |       ||     1
       Heal Other        |       |       |       |     9 |     2 ||    11
       Greater Healing   |       |       |       |     2 |     2 ||     4
       Divine Vigour     |       |       |       |       |     1 ||     1
Evoke: Wand              |       |       |       |       |     1 ||     1
  Use: Scroll            |       |    11 |     8 |     9 |     7 ||    35
       Potion            |       |       |     1 |     1 |       ||     2
 Stab: Held in net/web   |     1 |       |       |       |       ||     1
       Sleeping          |     1 |     5 |     9 |     1 |    14 ||    30
       Invisible         |       |       |     3 |       |       ||     3
       Distracted        |       |       |     1 |       |     1 ||     2
       Petrified         |       |       |       |     2 |       ||     2
       Petrifying        |       |       |       |     1 |       ||     1
Armor: Leather armour    |    23 |    29 |    13 |       |       ||    65
       Steam dragon scal |       |       |    18 |    67 |    53 ||   138
Dodge: Dodged            |    51 |   101 |    75 |   263 |   389 ||   879
